AoeStats
← Elmatz

Arabia

504541737Analyzed
3v3 RM · 27d ago on Sep 5, 2026· 50m 26s· 6 players
Game mode
Random Map
Map size
Normal (6 player)
Population
200
Speed
Normal
Resources
Standard
Victory
Conquest
Starting age
Dark Age
Ending age
Imperial Age
RankedLock teamsTeams togetherTeam positionsShared explorationLock speedFull tech treeHidden civsTurbo modeCheats
Victory
Defeat
🇵🇪 Magyars · Peru
1089
+17
🇵🇪 Huns · Peru
1089
+17
🇵🇪 Italians · Peru
1079
+17
🇬🇧 Cumans · United Kingdom
1158
-19
🇨🇳 Mongols · China
1108
-17
🇬🇧 Vietnamese · United Kingdom
1051
-15
Elmatz
8:15 Loom
11:13 Feudal Age
17:04 Castle Age
15:23 Double-Bit Axe
17:54 Horse Collar
21:11 Husbandry
23:43 Bloodlines
24:20 Heavy Plow
27:12 Scale Barding Armor
30:41 Chain Barding Armor
31:28 Fletching
33:06 Bodkin Arrow
33:14 Pikeman
39:49 Imperial Age
40:48 Wheelbarrow
39:50 Cavalier
40:53 Bow Saw
42:06 Plate Barding Armor
42:55 Conscription
43:44 Scale Mail Armor
43:49 Halberdier
46:06 Arson
47:04 Crop Rotation
46:27 Elite Magyar Huszar
48:33 Chain Mail Armor
50:20 Hand Cart
Diegotzu
11:03 Feudal Age
9:21 Loom
17:32 Castle Age
18:56 Bloodlines
18:53 Scale Barding Armor
18:47 Horse Collar
24:50 Chain Barding Armor
28:11 Forging
32:06 Iron Casting
36:39 Scale Mail Armor
36:03 Pikeman
51:30 Imperial Age
.:LUSHO:.
8:03 Loom
11:25 Feudal Age
11:30 Feudal Age
13:46 Double-Bit Axe
16:46 Fletching
21:48 Castle Age
21:29 Gold Mining
21:21 Horse Collar
22:37 Husbandry
22:05 Crossbowman
22:46 Bodkin Arrow
25:10 Heavy Plow
25:22 Bow Saw
27:19 Wheelbarrow
27:51 Padded Archer Armor
28:31 Bloodlines
29:32 Leather Archer Armor
31:19 Thumb Ring
36:26 Imperial Age
34:14 Hand Cart
34:42 Forging
35:09 Town Watch
35:46 Ballistics
35:24 Stone Mining
36:52 Stone Shaft Mining
35:54 Pikeman
36:35 Squires
37:23 Iron Casting
37:08 Arbalester
37:43 Cavalier
38:59 Bracer
41:26 Ring Archer Armor
42:18 Light Cavalry
45:15 Hussar
48:49 Blast Furnace
48:34 Pirotechnia
49:14 Murder Holes
50:34 Town Patrol
PatCrespo
7:07 Loom
9:21 Feudal Age
10:30 Double-Bit Axe
13:01 Wheelbarrow
15:57 Horse Collar
19:56 Gold Mining
22:34 Castle Age
22:54 Bloodlines
22:51 Scale Barding Armor
22:56 Forging
24:12 Hand Cart
24:25 Chain Barding Armor
26:06 Iron Casting
26:32 Town Watch
41:05 Imperial Age
41:15 Stone Mining
42:00 Gold Shaft Mining
41:34 Cavalier
44:07 Plate Barding Armor
44:33 Blast Furnace
45:14 Conscription
45:41 Light Cavalry
48:03 Fletching
48:28 Paladin
Clockwise Haggis
12:49 Feudal Age
13:33 Double-Bit Axe
13:31 Horse Collar
13:40 Loom
18:36 Castle Age
20:48 Bow Saw
21:56 Wheelbarrow
21:07 Town Watch
23:39 Squires
27:11 Wheelbarrow
28:24 Pikeman
29:30 Heavy Plow
32:02 Hand Cart
33:29 Town Patrol
33:10 Elite Skirmisher
33:57 Thumb Ring
34:29 Ballistics
36:05 Chatras
39:59 Imperial Age
38:30 Scale Barding Armor
38:26 Padded Archer Armor
38:27 Scale Mail Armor
38:39 Forging
38:19 Fletching
40:57 Murder Holes
42:03 Chemistry
41:31 Paper Money
40:39 Imperial Skirmisher
45:30 Two-Man Saw
犹豫就会败北
1:57 Loom
9:54 Feudal Age
10:55 Horse Collar
11:04 Double-Bit Axe
21:28 Castle Age
20:09 Fishing Lines
20:24 Fletching
20:34 Padded Archer Armor
20:28 Stone Mining
23:46 Stone Shaft Mining
24:11 Wheelbarrow
23:22 Town Watch
26:43 Bodkin Arrow
27:03 Leather Archer Armor
30:00 Murder Holes
30:16 Masonry
32:27 Bow Saw
34:51 Gold Mining
39:30 Imperial Age
37:01 Gold Mining
38:37 Hand Cart
39:17 Gold Shaft Mining
38:51 Scale Barding Armor
39:23 Ballistics
42:19 Elite Mangudai
43:22 Conscription
43:48 Heavy Plow
45:20 Bracer
45:26 Scale Barding Armor
45:38 Thumb Ring
46:38 Chemistry
45:12 Pikeman
48:24 Parthian Tactics
49:30 Scale Barding Armor
49:35 Forging
49:50 Bloodlines
49:41 Husbandry
49:01 Light Cavalry
Connection lost

Rejoining the realm…

Still unreachable

The connection could not be restored.

Session expired

The server has moved on; the page needs a fresh start.